 Dungeon Crawl Stone Soup version 0.30-b1-2-g02819fbbbe (webtiles) character file.

Game seed: 11991990683698940743

34 Stalin1878 the Chopper (level 3, -2/34 HPs)
             Began as a Hill Orc Berserker on May 23, 2023.
             Was a Believer of Trog.
             Slain by Sigmund
             ... wielding a +0 scythe
              (9 damage)
             ... on level 2 of the Dungeon on May 25, 2023.
             The game lasted 00:06:19 (1355 turns).

Stalin1878 the Chopper (Hill Orc Berserker)         Turns: 1355, Time: 00:06:19

Health: -2/34      AC:  6    Str: 21    XL:     3   Next: 31%
Magic:  3/3        EV:  9    Int:  7    God:    Trog [**....]
Gold:   62         SH:  3    Dex: 10    Spells: 2/2 levels left

rFire   . . .        a - +0 hand axe
rCold   . . .        i - +0 buckler
rNeg    . . .        j - +0 scale mail
rPois   .            (no helmet)
rElec   .            (no cloak)
rCorr   .            (no gloves)
SInv    .            (no boots)
Will    .....        (no amulet) Stlth
                     (no ring)
HPRegen 0.25/turn    (no ring)
MPRegen 0.08/turn

%: no passive effects
@: no status effects
A: no striking features
a: Renounce Religion, Berserk, Trog's Hand


You were on level 2 of the Dungeon.
You worshipped Trog.
Trog was pleased with you.
You visited 1 branch of the dungeon, and saw 2 of its levels.

You collected 62 gold pieces.

Inventory:

Hand Weapons
 a - a +0 hand axe (weapon)
Armour
 b - a +0 animal skin
 h - a +0 ring mail
 i - a +0 buckler (worn)
 j - a +0 scale mail (worn)
Wands
 d - a wand of iceblast (9)
Scrolls
 e - 2 scrolls of torment {unknown}
 k - a scroll of fear {unknown}
 l - a scroll of teleportation {unknown}
 m - a scroll of amnesia {unknown}
 n - a scroll of magic mapping {unknown}
Potions
 c - a potion of might {unknown}
 f - a potion of lignification {unknown}
 g - 2 potions of heal wounds {unknown}
 o - a potion of attraction {unknown}


   Skills:
 + Level 4.3 Fighting
 + Level 4.9 Axes
 + Level 2.2 Armour
 + Level 1.7 Dodging


You had 2 spell levels left.
You didn't know any spells.
Your spell library was empty.

Dungeon Overview and Level Annotations

Branches:
Dungeon (2/15)

Altars:

Shops:
D:1 *

Annotations:
D:2 Sigmund


Message History

No target in view!
No target in view!
No target in view!
o - a ruby potion
e - 2 scrolls labelled TAEMAZ YDWIDIT (gained 1) Sigmund the Dreaded comes into view.
He is wielding a +0 scythe.
Sigmund shouts!
You fail to use your ability.
Sigmund points at you and mumbles some strange words.
You are confused.
You are too confused!
You are too confused!
You are too confused!
You are too confused!
You are too confused!
You are too confused!
You are too confused!
You are too confused!
You are too confused!
You are too confused!
You are too confused!
Sigmund casts a spell.
Sigmund flickers and vanishes!
Deactivating autopickup; reactivate with Ctrl-A.
Something hits you! Something hits you but does no damage.
Found a stone staircase leading up.
Found a scroll labelled RIWUL DALOWNOTER.
You feel less confused.
You hear some strange, mumbled words.
A puff of flame appears from out of thin air!
The puff of flame hits you.
You barely miss something.
You hear some strange, mumbled words.
A magic dart appears from out of thin air!
The magic dart hits you!
You hit something. Something hits you!
* * * LOW HITPOINT WARNING * * *
You slash something! Something hits you!
You die...

..#### #.#
#######..........#
#.# ### ...
#..........# #.# #
###.
###.†....†<..###.#
. #
..#......)...##..#
P
#.#...............
P~
#.#...............
~~
##.#...>...........


PP~ ####.{.########.....## #....@.........>##### ....##...########## ?<..?....#
..####...# #...# ##### There were no monsters in sight!

Vanquished Creatures
  4 endoplasms (D:1)
  A giant cockroach (D:1)
  7 goblins
  4 hobgoblins
  3 kobolds
  2 quokkas (D:1)
  4 ball pythons
  A bat (D:1)
  A frilled lizard (D:1)
  2 rats (D:2)
29 creatures vanquished.

Vanquished Creatures (others)
  5 plants (D:2)
5 creatures vanquished.

Grand Total: 34 creatures vanquished

Notes
Turn   | Place    | Note
-------+----------+-------------------------------------------
     0 | D:1      | Stalin1878 the Hill Orc Berserker began the quest for the
                  | Orb.
     0 | D:1      | Reached XP level 1. HP: 19/19 MP: 1/1
   158 | D:1      | Found Kirucec's General Store.
   162 | D:1      | Found a faded altar of an unknown god.
   170 | D:1      | Reached XP level 2. HP: 27/27 MP: 2/2
   542 | D:1      | Reached XP level 3. HP: 30/33 MP: 3/3
  1284 | D:2      | Reached ** piety under Trog
  1345 | D:2      | Noticed Sigmund
  1355 | D:2      | Slain by Sigmund

Illustrated notes

Levels and vault maps discovered:
D:1:      psy_arrival_radial01, layout_loops_ring, serial_shops,
          nicolae_shop_waterfront, hellmonk_ecumenical_altar_lost_god,
          st_stairs_14
D:2:      layout_rooms, grunt_ministairs_7, serial_bayou_lagoon_a, uniq_sigmund

Skill      XL: |  1  2 |
---------------+-------+-----
Fighting       | 4 |  4.3
Axes           | |  4.9
Armour         | |  2.2
Dodging        | |  1.7

Action                     || total
---------------------------++-------
  Melee: Hand axe          ||    94
         Punch             ||     2
 Invoke: Berserk           ||     1
 Armour: Animal skin       ||    11
         Scale mail        ||     8
  Dodge: Dodged            ||    66
  Block: Buckler           ||     5
